 Dungeon Crawl Stone Soup version 0.31.0-11-ge490571c62 (webtiles) character file.

Game seed: 4428640660247433198

525 Fodor the Covered (level 7, -2/60 HPs)
             Began as a Minotaur Fighter on Feb 6, 2024.
             Slain by an ogre
             ... wielding a +0 giant spiked club
              (19 damage)
             ... on level 5 of the Dungeon.
             The game lasted 00:25:02 (3843 turns).

Fodor the Covered (Minotaur Fighter)                Turns: 3843, Time: 00:25:03

Health: -2/60      AC: 11    Str: 23    XL:     7   Next: 2%
Magic:  6/6        EV:  8    Int:  5    God:
Gold:   371        SH:  4    Dex:  9    Spells: 6/6 levels left

rFire   . . .        a - +0 war axe
rCold   . . .        c - +0 buckler
rNeg    . . .        u - +0 chain mail
rPois   .            (helmet restricted)
rElec   .            j - +0 cloak
rCorr   +            (no gloves)
SInv    .            (no boots)
Will    .....        k - amulet of regeneration Stlth
                     e - ring of resist corrosion
HPRegen 1.10/turn    (no ring)
MPRegen 0.10/turn

%: no passive effects
@: no status effects
A: horns 2, retaliatory headbutt
a: no special abilities


You were on level 5 of the Dungeon.
You visited 1 branch of the dungeon, and saw 5 of its levels.

You collected 371 gold pieces.

Inventory:

Hand Weapons
 a - a +0 war axe (weapon)
 v - a +1 antimagic orcbow
Armour
 c - a +0 buckler (worn)
 j - a +0 cloak (worn)
 u - a +0 chain mail (worn)
Jewellery
 e - a ring of resist corrosion (left hand)
 k - an amulet of regeneration (around neck)
Talismans
 b - a serpent talisman
Scrolls
 g - a scroll of torment {unknown}
 h - 3 scrolls of blinking {unknown}
 i - 6 scrolls of identify {unknown}
 l - a scroll of enchant armour {unknown}
 m - a scroll of enchant weapon {unknown}
 o - 2 scrolls of teleportation {unknown}
 q - a scroll of summoning {unknown}
Potions
 d - a potion of might
 f - 2 potions of curing {unknown}
 n - a potion of enlightenment {unknown}
 p - a potion of ambrosia {unknown}
 r - a potion of haste {unknown}
 s - a potion of resistance {unknown}
 t - a potion of lignification {unknown}
 w - a potion of heal wounds {unknown}


   Skills:
 + Level 4.9 Fighting
 + Level 5.8 Axes
 + Level 0.1 Throwing
 + Level 5.8 Armour
 + Level 1.2 Dodging
 + Level 1.0 Stealth
 + Level 5.0 Shields


You had 6 spell levels left.
You didn't know any spells.
Your spell library contained the following spells:

 Spells                   Type           Power      Damage    Failure   Level
 Call Imp                 Summ           0%         N/A       99%         2
 Sublimation of Blood     Necr           0%         N/A       99%         2
 Frozen Ramparts          Ice            0%         1d1       100%        3
 Leda's Liquefaction      Alch/Erth      0%         N/A       100%        4
 Petrify                  Alch/Erth      0%         N/A       100%        4
 Irradiate                Conj/Alch      0%         3d11      100%        5
 Metabolic Englaciation   Hex/Ice        0%         N/A       100%        5
 Summon Hydra             Summ           0%         N/A       100%        7


Dungeon Overview and Level Annotations

Branches:
Dungeon (5/15)
 Temple: D:4-7

Altars:
Okawaru
Uskayaw


Innate Abilities, Weirdness & Mutations

You have a pair of horns on your head.
You reflexively headbutt those who attack you in melee.


Message History

The orc wizard gestures at you while chanting.
The magic dart hits you!
Found a scale mail.
The orc hits you but does no damage. The orc wizard casts a spell at you.
You are confused.
You barely miss the orc.
The orc is heavily wounded.
You hit the orc wizard. The orc misses you.
The orc wizard points at you and mumbles some strange words.
The magic dart hits you.
You bump into the rock wall.
The orc hits you but does no damage.
You're too confused to move!
The orc hits you but does no damage.
The orc wizard hits you but does no damage.
You barely miss the orc.
The orc is heavily wounded.
You miss the orc wizard. You slash the orc!
You kill the orc!
The orc hits you but does no damage. The orc wizard barely misses you.
You closely miss the orc wizard.
The orc wizard is moderately wounded.
You slash the ogre! You slash the orc!
You kill the orc!
The ogre barely misses you. The orc wizard barely misses you.
The orc wizard hits you but does no damage.
You slash the orc wizard! Your headbutt misses the orc wizard.
The orc wizard is severely wounded.
You closely miss the ogre.
You feel less confused.
The ogre hits you with a +0 giant spiked club!!
Ouch! That really hurt!
* * * LOW HITPOINT WARNING * * *
The orc wizard gestures at you while chanting.
You resist with some effort. The orc wizard barely misses you.
You furiously retaliate!
You headbutt the orc wizard.
You kill the orc wizard!
Your Shields skill increases to level 5!
You have reached level 7!
The ogre hits you with a +0 giant spiked club!!
You die...

#. #.......# ..
#...#.......+ #
..#...#.......#.#
..#.#.........#.######
.....!#<.............
)....#......###.....
######.........#........
........#####)....##....
###@....#.....##....
#O...#.#.....##<...
#..{)))#.#.#.....##....
#...F####.#.#.....##....
...... ..#.......##....
..... #####.###'#######
#.... #..........# ....
#.###......# .[..
#..('......#


You could see an ogre and a bullfrog.

Vanquished Creatures
  A black bear (D:4)
  An ogre (D:4)
  A howler monkey (D:4)
  A bombardier beetle (D:5)
  A sleepcap (D:4)
  2 iguanas (D:4)
  Terence (D:3)
  An orc wizard (D:5)
  4 gnolls (D:4)
  3 adders
  A shadow imp (D:5)
  3 ribbon worms
  6 orcs
  5 ball pythons
  6 bats
  5 endoplasms
  A giant cockroach (D:1)
  7 goblins
  11 hobgoblins
  2 jackals (D:1)
  2 quokkas
  5 frilled lizards
  9 kobolds
  9 rats
88 creatures vanquished.

Notes
Turn   | Place    | Note
-------+----------+-------------------------------------------
     0 | D:1      | Fodor the Minotaur Fighter began the quest for the Orb.
     0 | D:1      | Reached XP level 1. HP: 19/19 MP: 0/0
   600 | D:1      | Reached XP level 2. HP: 27/27 MP: 1/1
   846 | D:1      | Reached XP level 3. HP: 33/33 MP: 2/2
  1786 | D:3      | Reached XP level 4. HP: 40/40 MP: 3/3
  2030 | D:3      | Noticed Terence
  2038 | D:3      | Killed Terence
  2133 | D:3      | Found a faded altar of an unknown god.
  2809 | D:4      | Reached XP level 5. HP: 38/47 MP: 4/4
  2901 | D:4      | Noticed an ogre
  2905 | D:4      | Killed an ogre
  2959 | D:4      | Noticed a black bear
  2967 | D:4      | Reached skill level 5 in Armour
  2973 | D:4      | Killed a black bear
  2974 | D:4      | Reached skill level 5 in Axes
  2974 | D:4      | Reached skill level 1 in Dodging
  2974 | D:4      | Reached skill level 1 in Stealth
  2974 | D:4      | Reached XP level 6. HP: 29/53 MP: 5/5
  2980 | D:4      | Found a hide-covered altar of Uskayaw.
  3522 | D:5      | Entered Level 5 of the Dungeon
  3583 | D:5      | Found an iron altar of Okawaru.
  3843 | D:5      | Reached skill level 5 in Shields
  3843 | D:5      | Reached XP level 7. HP: 16/60 MP: 6/6
  3843 | D:5      | Slain by an ogre

Illustrated notes

Levels and vault maps discovered:
D:1:      eino_arrival_tree_alley, layout_basic, minmay_strange_pillars
D:2:      layout_basic, minmay_fractal_squares_gapless_5
D:3:      layout_basic, shapermc_ecumenical_altar_mp_highgroup,
          kennysheep_flooded_box, minmay_misc_feat_roman, st_stairs_9,
          minmay_gold_behind_fungi, grunt_ministairs_6, uniq_terence
D:4:      layout_basic, nicolae_uskayaw_dance_hall, hangedman_decor_slide_cut,
          minmay_goblin_outpost
D:5:      layout_basic, okawaru_ov_weapons_minmay

Skill      XL: |  1  2  3  4  5  6 |
---------------+-------------------+-----
Fighting       | 4 |  4.9
Shields        | 4 5 |  5.0
Armour         | 4 5 |  5.8
Axes           | 4 5 |  5.8
Dodging        | 1 |  1.2
Stealth        | 1 |  1.0
Throwing       | |  0.1

Action                     |  1- 3 |  4- 6 |  7- 9 || total
---------------------------+-------+-------+-------++-------
  Melee: War axe           |    90 |   100 |       ||   190
         Headbutt          |    13 |    23 |       ||    36
  Throw: Javelin           |     4 |       |       ||     4
 Armour: Scale mail        |    56 |     6 |       ||    62
         Chain mail        |       |   102 |     1 ||   103
  Dodge: Dodged            |    54 |    77 |       ||   131
  Block: Buckler           |    18 |    31 |       ||    49
